 Dungeon Sprint DCSS version 0.27.1-34-g3ba077fa99 (webtiles) character file.

Game seed: 5463705938210306831

14016 boopmooplesden the Severer (level 11, -16/113 HPs)
             Began as a Minotaur Fighter on Jan 3, 2022.
             Was the Champion of Okawaru.
             Demolished by an Executioner (19 damage)
             ... in the Dungeon (Sprint VII: "The Pits").
             The game lasted 00:07:59 (2861 turns).

boopmooplesden the Severer (Minotaur Fighter)       Turns: 2861, Time: 00:08:00

Health: -16/113    AC: 28    Str: 24    XL:     11   Next: 83%
Magic:  12/13      EV: 10    Int:  7    God:    Okawaru [******]
Gold:   6          SH:  0    Dex:  8    Spells: 10/10 levels left

rFire    + + .     SeeInvis .   C - +2 lajatang "Ajayxol" {flame, rCorr Int+2 Dex-2}
rCold    + . .     Faith    .   (shield currently unavailable)
rNeg     . . .     Spirit   .   p - +4 plate armour
rPois    .         Reflect  .   (helmet restricted)
rElec    .         Harm     .   A - scarf {rC+ rF+}
rCorr    +         Rampage  .   (no gloves)
Will     .....     NoTele   +   F - +1 pair of boots {Stlth+}
Stlth    ..........             (no amulet)
HPRegen  0.28/turn              D - ring of protection from fire
MPRegen  0.13/turn              r - +3 ring of protection

@: heroic
A: horns 2, retaliatory headbutt
a: Renounce Religion, Heroism, Finesse


You were in the Dungeon.
You worshipped Okawaru.
Okawaru was exalted by your worship.
You visited 1 branch You collected 6 gold pieces.

Inventory:

Hand Weapons
 a - a +0 war axe
 k - a +2 hand axe
 o - a +2 hand axe of freezing
 u - a +3 broad axe of freezing
 C - the +2 lajatang "Ajayxol" (weapon) {flame, rCorr Int+2 Dex-2}
   (You found it in the Dungeon)

   It burns those it strikes, dealing additional fire damage.
   Big, fiery blades are also staple armaments of hydra-hunters.
   Int:       It affects your intelligence (+2).
   Dex:       It affects your dexterity (-2).
   rCorr:     It protects you from acid and corrosion.
Missiles
 x - 7 curare-tipped darts
 y - 8 silver javelins (quivered)
Armour
 b - a +0 scale mail
 c - a +2 kite shield
 p - a +4 plate armour (worn)
 v - a +0 pair of gloves
 w - a +4 chain mail
 A - a scarf of resistance (worn)
 F - a +1 pair of boots of stealth (worn)
Jewellery
 q - a +3 ring of evasion
 r - a +3 ring of protection (right hand)
 D - a ring of protection from fire (left hand)
 G - a ring of protection from fire
Wands
 z - a wand of digging (7)
 B - a wand of flame (5)
Scrolls
 j - 2 scrolls of blinking
 m - 5 scrolls of amnesia
 n - a scroll of summoning
 E - 2 scrolls of identify
 J - 3 scrolls of fear
Potions
 d - 3 potions of might
 e - 7 potions of curing
 f - 9 potions of heal wounds
 g - 3 potions of haste
 h - 4 potions of magic
 i - 6 potions of berserk rage
 l - 2 potions of invisibility
 s - a potion of brilliance
 t - 4 potions of resistance


   Skills:
 + Level 15.4(20.4) Fighting
 + Level 19.2(24.2) Axes
 + Level 1.5(6.5) Staves
 + Level 2.4(7.4) Throwing
 + Level 14.9(19.9) Armour
 + Level 4.8(9.8) Dodging
 + Level 1.2(6.2) Stealth
 + Level 17.4(22.4) Shields
 + Level 4.2 Invocations


You had 10 spell levels left.
You didn't know any spells.
Your spell library contained the following spells:

 Spells                   Type           Power      Damage    Failure   Level
 Sting                    Tmut/Pois      0%         1d3       95%         1
 Poisonous Vapours        Pois/Air       0%         N/A       98%         2
 Olgreb's Toxic Radiance  Pois           0%         N/A       100%        4


Dungeon Overview and Level Annotations

Branches:
Dungeon (1/1)

Altars:
Ashenzari
Cheibriados
Dithmenos
Elyvilon
Fedhas
Gozag
Hepliaklqana
Kikubaaqudgha
Makhleb
Nemelex Xobeh
Okawaru
Qazlal
Ru
Sif Muna
Trog
Uskayaw
Vehumet
Wu Jian
Xom
Yredelemnul
Zin
The Shining One
Beogh
Jiyva
Lugonu


Innate Abilities, Weirdness & Mutations

You have a pair of horns on your head.
You reflexively headbutt those who attack you in melee.


Message History

Your headbutt misses the Executioner.
The Executioner is heavily wounded.
You feel sick. The Executioner misses you.
The Executioner hits you but does no damage. x4
The Executioner hits you!
The Executioner hits you but does no damage. x3
The Executioner barely misses you.
The Executioner hits you but does no damage. x2
You miss the Executioner.
The Executioner is heavily wounded.
You feel sick.
You are no longer poisoned.
The Executioner hits you!!
The Executioner hits you but does no damage. x3
The Executioner closely misses you.
The Executioner hits you but does no damage. x3
The Executioner barely misses you.
You miss the Executioner.
The Executioner is heavily wounded.
The Executioner hits you but does no damage. x3
The Executioner hits you!
* * * LOW HITPOINT WARNING * * *
The Executioner hits you but does no damage. x5
You barely miss the Executioner.
The Executioner is heavily wounded.
The Executioner hits you!!
* * * LOW HITPOINT WARNING * * *
The Executioner barely misses you. x2
The Executioner hits you but does no damage. x2
The Executioner completely misses you. The Executioner hits you.
* * * LOW HITPOINT WARNING * * *
The Executioner hits you but does no damage.
The Executioner hits you.
* * * LOW HITPOINT WARNING * * *
You hear an angry buzzing noise.
You hear two shouts!
You slash the Executioner! You burn the Executioner.
The Executioner is heavily wounded.
You hear an angry buzzing noise.
You hear a chilling moan.
The Executioner hits you!!
You die...

#####################
#....................
#....................
#..################.. #..##.#y#
#.. #..#.#y# #.. #..'#1# #..
#..#@# #.. #..##.# #..
#..################..
#############....................
#_________.##....................
#_________.###########''#########
#_______...###########'†######
##########'##................#
#.?(.')))'.##......#..#......#


You could see an Executioner (fast) and 2 killer bees.

Vanquished Creatures
  A fire giant (D)
  A hydra (D)
  2 two-headed ogres (D)
  A death yak (D)
  A sea snake (D)
  A swamp dragon (D)
  3 bog bodies (D)
  A wizard (D)
  A phantasmal warrior (D)
  A deep elf pyromancer (D)
  2 deep elf zephyrmancers (D)
  A cyclops (D)
  3 orange demons (D)
  2 smoke demons (D)
  A freezing wraith (D)
  A yaktaur (D)
  A kobold demonologist (D)
  A komodo dragon (D)
  2 demonic crawlers (D)
  A guardian mummy (D)
  A troll (D)
  Grinder (D)
  A spriggan (D)
  2 floating eyes (D)
  A water moccasin (D)
  A black bear (D)
  An orc warrior (D)
  2 sky beasts (D)
  A wolf (D)
  A centaur (D)
  A scorpion (D)
  4 killer bees (D)
  3 wights (D)
  2 orc priests (D)
  2 orc wizards (D)
  3 adders (D)
  A river rat (D)
  A white imp (D)
  An ufetubus (D)
  An adder zombie (D)
  A worm (D)
  4 orcs (D)
  A goblin (D)
  A hobgoblin (D)
  3 jackals (D)
  2 kobolds (D)
  2 quokkas (D)
  A ball python (D)
74 creatures vanquished.

Notes
Turn   | Place    | Note
-------+----------+-------------------------------------------
     0 | D        | boopmooplesden the Minotaur Fighter began the quest for the
                  | Orb.
     0 | D        | Reached XP level 1. HP: 19/19 MP: 0/0
     8 | D        | Noticed a floating eye
    10 | D        | Paralysed by a floating eye for 2 turns
    12 | D        | Killed a floating eye
    13 | D        | Reached skill level 4 in Axes
    13 | D        | Reached XP level 2. HP: 31/31 MP: 1/1
    13 | D        | Reached XP level 3. HP: 38/38 MP: 2/2
    13 | D        | Reached XP level 4. HP: 45/45 MP: 3/3
    38 | D        | Found a glowing golden altar of the Shining One.
    38 | D        | Found a glowing silver altar of Zin.
    38 | D        | Found a basalt altar of Yredelemnul.
    38 | D        | Found a shimmering altar of Xom.
    38 | D        | Found an ornate altar of the Wu Jian Council.
    38 | D        | Found a bloodstained altar of Trog.
    38 | D        | Found a shimmering blue altar of Sif Muna.
    38 | D        | Found a sacrificial altar of Ru.
    38 | D        | Found a stormy altar of Qazlal.
    38 | D        | Found an iron altar of Okawaru.
    38 | D        | Found a sparkling altar of Nemelex Xobeh.
    38 | D        | Found a burning altar of Makhleb.
    38 | D        | Found a viscous altar of Jiyva.
    38 | D        | Found a hazy altar of Hepliaklqana.
    38 | D        | Found an opulent altar of Gozag.
    38 | D        | Found a blossoming altar of Fedhas.
    38 | D        | Found a white marble altar of Elyvilon.
    38 | D        | Found a shadowy altar of Dithmenos.
    38 | D        | Found a snail-covered altar of Cheibriados.
    39 | D        | Found a radiant altar of Vehumet.
    39 | D        | Found a corrupted altar of Lugonu.
    40 | D        | Found a hide-covered altar of Uskayaw.
    40 | D        | Found an ancient bone altar of Kikubaaqudgha.
    40 | D        | Found a broken altar of Ashenzari.
    44 | D        | Became a worshipper of Warmaster Okawaru
   163 | D        | Noticed a floating eye
   164 | D        | Noticed a black bear
   167 | D        | Killed a floating eye
   168 | D        | Reached skill level 5 in Axes
   168 | D        | Reached XP level 5. HP: 55/55 MP: 4/4
   177 | D        | Killed a black bear
   177 | D        | Reached * piety under Okawaru
   178 | D        | Reached skill level 1 in Dodging
   178 | D        | Reached XP level 6. HP: 37/63 MP: 5/5
   333 | D        | Noticed an orc warrior
   345 | D        | Killed an orc warrior
   346 | D        | Reached skill level 6 in Axes
   346 | D        | Reached skill level 10 in Armour
   360 | D        | Reached skill level 10 in Shields
   391 | D        | Reached skill level 7 in Axes
   395 | D        | Reached XP level 7. HP: 35/71 MP: 6/6
   576 | D        | Noticed a guardian mummy
   586 | D        | Killed a guardian mummy
   586 | D        | Reached ** piety under Okawaru
   587 | D        | Reached skill level 10 in Fighting
   587 | D        | Reached skill level 8 in Axes
   860 | D        | Reached skill level 9 in Axes
   866 | D        | Noticed a bog body
   875 | D        | Killed a bog body
   875 | D        | Reached *** piety under Okawaru
   876 | D        | Reached skill level 10 in Axes
   876 | D        | Reached XP level 8. HP: 73/81 MP: 4/7
   993 | D        | Noticed a phantasmal warrior
  1002 | D        | Reached skill level 11 in Axes
  1002 | D        | Reached skill level 1 in Invocations
  1002 | D        | Killed a phantasmal warrior
  1002 | D        | Reached **** piety under Okawaru
  1003 | D        | Reached skill level 12 in Axes
  1003 | D        | Reached XP level 9. HP: 34/89 MP: 5/9
  1004 | D        | Noticed a troll
  1012 | D        | Killed a troll
  1282 | D        | Noticed a deep elf zephyrmancer
  1282 | D        | Noticed an orange demon
  1282 | D        | Noticed a demonic crawler
  1282 | D        | Noticed a demonic crawler
  1295 | D        | Killed a demonic crawler
  1296 | D        | Reached skill level 13 in Axes
  1299 | D        | Killed a demonic crawler
  1318 | D        | Killed an orange demon
  1318 | D        | Reached ***** piety under Okawaru
  1319 | D        | Killed a deep elf zephyrmancer
  1320 | D        | Reached skill level 14 in Axes
  1484 | D        | Noticed a smoke demon
  1491 | D        | Killed a smoke demon
  1491 | D        | Received a gift from Okawaru
  1493 | D        | Noticed a cyclops
  1493 | D        | Noticed a two-headed ogre
  1501 | D        | Killed a two-headed ogre
  1502 | D        | Reached skill level 15 in Axes
  1502 | D        | Reached XP level 10. HP: 94/97 MP: 8/10
  1506 | D        | Killed a cyclops
  1506 | D        | Received a gift from Okawaru
  1507 | D        | Reached skill level 15 in Shields
  1519 | D        | Noticed a fire giant
  1537 | D        | Killed a fire giant
  1538 | D        | Reached skill level 16 in Axes
  1538 | D        | Reached skill level 1 in Throwing
  1538 | D        | Reached skill level 1 in Stealth
  1698 | D        | Noticed Grinder
  1698 | D        | Noticed a two-headed ogre
  1698 | D        | Noticed a deep elf pyromancer
  1711 | D        | Killed Grinder
  1733 | D        | Killed a two-headed ogre
  1734 | D        | Reached skill level 17 in Axes
  1740 | D        | Killed a deep elf pyromancer
  1741 | D        | Reached XP level 11. HP: 76/107 MP: 10/12
  1749 | D        | Noticed a deep elf zephyrmancer
  1767 | D        | Killed a deep elf zephyrmancer
  1931 | D        | Noticed a bog body
  1942 | D        | Killed a bog body
  1942 | D        | Received a gift from Okawaru
  2107 | D        | Noticed a swamp dragon
  2107 | D        | Noticed a sea snake
  2114 | D        | Reached skill level 18 in Axes
  2114 | D        | Noticed a death yak
  2118 | D        | Received a gift from Okawaru
  2129 | D        | Killed a swamp dragon
  2129 | D        | Reached ****** piety under Okawaru
  2132 | D        | Noticed a bog body
  2134 | D        | Noticed a wizard
  2139 | D        | Killed a sea snake
  2145 | D        | Killed a death yak
  2145 | D        | Received a gift from Okawaru
  2156 | D        | Killed a wizard
  2157 | D        | Reached skill level 15 in Fighting
  2169 | D        | Killed a bog body
  2170 | D        | Reached skill level 19 in Axes
  2461 | D        | Got the +2 lajatang "Ajayxol" {flame, rCorr Int+2 Dex-2}
  2627 | D        | Noticed a six-headed hydra
  2657 | D        | Killed a three-headed hydra
  2658 | D        | Reached skill level 1 in Staves
  2852 | D        | Noticed an Executioner
  2860 | D        | HP: 3/113 [Executioner (5)]
  2861 | D        | Demolished by an Executioner

Illustrated notes

Levels and vault maps discovered:
D:        pitsprint [storerooms_1, entrance_room_1, metal_vault_3, armoury_2,
          mini_pit_1, grid_room_1, main_hall_1, silver_pit, the_coven_1,
          the_vestibule_1, steel_vault_2, golden_pit, hallway_of_sentries,
          crystal_vault_5, iron_vault_3, final_vault]

Skill      XL: |  1  2  3  4  5  6  7  8  9 10 11 |
---------------+----------------------------------+-----
Fighting       | 6 8 9 10 11 12 13 15 | 15.4
Axes           | 4 5 7 10 12 15 17 19 | 19.2
Armour         | 7 8 9 10 12 13 14 | 14.9
Shields        | 7 8 9 10 12 14 15 17 | 17.4
Dodging        | 1 3 4 |  4.8
Invocations    | 1 2 3 4 |  4.2
Throwing       | 1 2 |  2.4
Stealth        | 1 |  1.2
Staves         | 1 |  1.5

Action                   |  1- 3 |  4- 6 |  7- 9 | 10-12 || total
-------------------------+-------+-------+-------+-------++-------
Melee: War axe           |     2 |    26 |       |       ||    28
       Headbutt          |     1 |    18 |    15 |    29 ||    63
       Hand axe          |       |    42 |    47 |       ||    89
       Broad axe         |       |       |    51 |   119 ||   170
       Lajatang          |       |       |       |    16 ||    16
Throw: Javelin           |       |       |       |     3 ||     3
Invok: Heroism           |       |     1 |     4 |     8 ||    13
  Use: Potion            |       |     3 |       |     2 ||     5
       Scroll            |       |       |       |     7 ||     7
Armor: Scale mail        |       |     9 |       |       ||     9
       Plate armour      |       |    22 |    42 |    80 ||   144
Dodge: Dodged            |       |    16 |    31 |    62 ||   109
Block: Kite shield       |       |    26 |    73 |    60 ||   159
